 Dungeon Crawl Stone Soup version 0.31-a0-996-g3b49de5836 (webtiles) character file.

Game seed: 5291513755589172468

6647 GordonOverkill the Mimic (level 10, 0/53 HPs)
             Began as a Spriggan Delver on Nov 7, 2023.
             Was a Believer of Wu Jian.
             Slain by a sixfirhy (12 damage)
             ... summoned by a kobold demonologist
             ... on level 10 of the Dungeon.
             The game lasted 00:27:22 (12241 turns).

GordonOverkill the Mimic (Spriggan Delver)         Turns: 12241, Time: 00:27:23

Health: 0/53       AC:  3    Str: 12    XL:     10   Next: 72%
Magic:  0/11       EV: 22    Int: 11    God:    Wu Jian [**....]
Gold:   555        SH:  5    Dex: 18    Spells: 9/9 levels left

rFire   . . .        C - +3 dagger (venom)
rCold   . . .        u - +0 buckler
rNeg    + . .        b - melded +0 robe
rPois   .            (helmet restricted)
rElec   .            j - +2 cloak
rCorr   .            (gloves unavailable)
SInv    +            (boots unavailable)
Will    +....        A - amulet of guardian spirit
Stlth   +++++        D - ring of positive energy
HPRegen 0.28/turn    (no ring)
MPRegen 0.12/turn

%: guardian spirit
@: lethally poisoned (0 -> -6), maw-form, slowed, quick
A: devouring maw, very small, no large weapons, unfitting armour, see invisible,
speed 3
a: Begin Untransformation, Renounce Religion, Wall Jump


You were on level 10 of the Dungeon.
You worshipped Wu Jian.
Wu Jian was pleased with you.
You were a creature with a mouth for a stomach.
You visited 2 branches of the dungeon, and saw 11 of its levels.
You also visited: Ossuary.

You collected 603 gold pieces.
You spent 48 gold pieces at shops.

Inventory:

Hand Weapons
 v - a +2 vampiric dagger
 C - a +3 dagger of venom (weapon)
Armour
 a - a +1 robe of willpower
 b - a +0 robe (melded)
 j - a +2 cloak (worn)
 u - a +0 buckler (worn)
 E - +0 steam dragon scales
Jewellery
 A - an amulet of guardian spirit (around neck)
 D - a ring of positive energy (left hand)
Talismans
 d - a beast talisman
 w - a maw talisman (active)
Wands
 g - a wand of digging (13)
 p - a wand of mindburst (4)
 y - a wand of roots (5)
Scrolls
 c - 3 scrolls of fog
 e - 3 scrolls of fear
 h - 4 scrolls of enchant armour
 i - 4 scrolls of teleportation
 n - a scroll of amnesia
 s - 3 scrolls of immolation
 t - 2 scrolls of vulnerability
 B - a scroll of identify
 H - a scroll of acquirement {unknown}
 I - a scroll of poison {unknown}
Potions
 f - 4 potions of haste
 k - a potion of magic {unknown}
 l - 4 potions of curing
 m - 2 potions of ambrosia
 o - 4 potions of invisibility {unknown}
 q - 2 potions of lignification
 r - 2 potions of heal wounds
 x - 5 potions of attraction {unknown}
 z - a potion of enlightenment
 F - a potion of brilliance {unknown}
Miscellaneous
 G - a sack of spiders


   Skills:
 + Level 6.1 Fighting
 - Level 8.0 Short Blades
 - Level 8.0 Dodging
 - Level 10.0 Stealth
 - Level 1.0 Shields
 - Level 13.0 Shapeshifting


You had 9 spell levels left.
You didn't know any spells.
Your spell library contained the following spells:

 Spells                   Type           Power      Damage    Failure   Level
 Sandblast                Erth           0%         2d4       45%         1
 Passwall                 Tmut/Erth      0%         N/A       58%         2
 Stone Arrow              Conj/Erth      0%         3d7       83%         3
 Brom's Barrelling Bould  Conj/Erth      0%         2d3       99%         4


Dungeon Overview and Level Annotations

Branches:
Dungeon (10/15)            Temple (1/1) D:6            Lair (0/5) D:10
Ossuary (visited)
    Orc: D:9-12

Altars:
Ashenzari
Cheibriados
Dithmenos
Elyvilon
Fedhas
Gozag
Hepliaklqana
Kikubaaqudgha
Makhleb
Nemelex Xobeh
Okawaru
Qazlal
Ru
Sif Muna
Trog
Uskayaw
Vehumet
Wu Jian
Xom
Yredelemnul
Zin
The Shining One

Shops:
D:4 :   D:5 *   D:8 :   D:9 ?

Annotations:
D:3 2 transporters, Wizop's ghost, amateur DsSh


Innate Abilities, Weirdness & Mutations

You are a creature with a mouth for a stomach.
Your midsection houses a second, enormous mouth.
You are very small and have problems with some larger weapons.
You are too small for most types of armour.
You have supernaturally acute eyesight. (SInv)
You cover ground extremely quickly. (Speed+++)


Message History

You have difficulty breathing.
You feel as though you will be slow longer.
The kobold demonologist begins to cast a cantrip, but forgets the words!
You miss the kobold demonologist.
Your bite misses the kobold demonologist.
The kobold demonologist is lightly wounded.
You feel very sick. The kobold hits you with a +0 dagger.
The kobold demonologist casts a spell.
You barely miss the chaos spawn. You bite the chaos spawn.
The chaos spawn is lightly wounded.
You feel very sick. The kobold closely misses you.
The kobold demonologist casts a spell.
The kobold demonologist mumbles some strange words.
Unknown command.
Unknown command.
You spin and attack the kobold demonologist.
You closely miss the kobold demonologist.
The kobold demonologist is lightly wounded.
You spin and attack the kobold.
You hit the kobold.
You kill the kobold!
The Council accepts your kill.
You feel sick. The sixfirhy hits you.
* * * LOW HITPOINT WARNING * * *
The sixfirhy shocks you!
* * * LOW HITPOINT WARNING * * *
The sixfirhy hits you!
* * * LOW HITPOINT WARNING * * *
The sixfirhy shocks you!
* * * LOW HITPOINT WARNING * * *
Okay, then.
You feel much better.
You feel very sick. The sixfirhy hits you.
* * * LOW HITPOINT WARNING * * *
The sixfirhy shocks you!
* * * LOW HITPOINT WARNING * * *
The sixfirhy hits you!
You die...

#.#####.#####.#####.#########.##
.................>..............
#####......(....................
##......(..4<................
##.#§#.#.##(......t...........
##....§....#...................
#....≈§≈≈....KKK.......<.......
###..≈§≈≈.§.#..KK...............
....≈≈≈§§§≈....4W3..............
..#.≈≈§>§≈..##)########.#####.##
.....≈.≈§≈...#.# #.# #
..#.≈§§§≈≈..##.# #.#
.....§§§§....#.# #.#
..#..§§.....##.########.#####)#
..##.#.#.#.##..................
#....####.#####.......#########
###.##.....## #.......#


You could see a fire crab, a rust devil (summoned), 4 kobold demonologists, a
sixfirhy (summoned), a chaos spawn (summoned) and a kobold brigand.

Vanquished Creatures
  Psyche (D:9)
  A troll (D:9)
  A hornet (D:8)
  2 shadows (D:10)
  11 yaks
  A steam dragon (D:8)
  An acid dragon (D:9)
  3 water moccasins
  A sky beast (D:7)
  2 black bears (D:6)
  An ice beast (D:6)
  2 ogres (D:6)
  3 centaurs
  3 phantoms
  2 kobold brigands
  A bullfrog (D:8)
  4 scorpions
  5 wights
  18 killer bees
  3 howler monkeys (D:9)
  3 electric eels (D:8)
  2 centaur zombies (Ossuary)
  2 human zombies (Ossuary)
  3 orc priests
  2 jellies
  A hound (D:6)
  An iguana (D:6)
  4 orc wizards
  3 sleepcaps
  2 mummies (Ossuary)
  4 gnolls (D:4)
  11 adders
  A white imp (D:7)
  An adder zombie (Ossuary)
  3 worms
  4 dart slugs
  22 orcs
  4 ball pythons
  5 bats
  3 endoplasms
  2 giant cockroaches
  8 hobgoblins
  9 jackals
  3 quokkas
  4 frilled lizards
  2 goblins
  2 goblin zombies (Ossuary)
  9 hobgoblin zombies (Ossuary)
  A jackal zombie (Ossuary)
  24 kobolds
  10 kobold zombies (Ossuary)
  8 orc zombies (Ossuary)
  3 rats
  A rat zombie (Ossuary)
233 creatures vanquished.

Notes
Turn   | Place    | Note
-------+----------+-------------------------------------------
     0 | D:5      | GordonOverkill the Spriggan Delver began the quest for the
                  | Orb.
     0 | D:5      | Reached XP level 1. HP: 11/11 MP: 2/2
     4 | D:6      | Reached XP level 2. HP: 16/16 MP: 3/3
   220 | D:6      | Noticed a water moccasin
   256 | D:5      | Found Hutas's Assorted Antiques.
   353 | D:5      | Noticed a water moccasin
   353 | D:5      | Noticed a scorpion
   361 | D:5      | Killed a water moccasin
   362 | D:5      | Reached skill level 5 in Short Blades
   362 | D:5      | Reached XP level 3. HP: 20/20 MP: 4/4
   362 | D:5      | Reached XP level 4. HP: 24/24 MP: 5/5
   364 | D:5      | Killed a scorpion
   365 | D:5      | Reached XP level 5. HP: 28/28 MP: 6/6
   543 | D:4      | Found a burning altar of Makhleb.
   584 | D:4      | Found a transporter.
   601 | D:4      | Found a sand-covered staircase.
   607 | Ossuary  | Entered an ossuary
  1241 | Ossuary  | Reached skill level 2 in Shapeshifting
  1665 | Ossuary  | Reached skill level 3 in Shapeshifting
  1665 | Ossuary  | Reached XP level 6. HP: 26/32 MP: 7/7
  2151 | D:3      | Found an ancient bone altar of Kikubaaqudgha.
  2155 | D:3      | Found a transporter.
  2156 | D:3      | Noticed Wizop's ghost (amateur DsSh)
  2186 | D:3      | Identified the +9 great mace of Qyrchig {heavy, rElec rPois
                  | Dex+3}
  4150 | D:2      | Reached skill level 1 in Shields
  4404 | D:3      | Identified the +7 spear "Muleh" {freeze, Str+2 Stlth+}
  4736 | D:3      | Found an iron altar of Okawaru.
  4761 | D:3      | Found a snail-covered altar of Cheibriados.
  4785 | D:3      | Found a transporter.
  5035 | D:4      | Reached XP level 7. HP: 13/37 MP: 8/8
  5225 | D:4      | Found a transporter.
  5225 | D:4      | Found Sorchos's Book Boutique.
  5704 | D:5      | Reached skill level 4 in Shapeshifting
  5992 | D:5      | Bought a metallic emerald potion for 24 gold pieces
  5992 | D:5      | Bought a puce potion for 24 gold pieces
  6574 | D:6      | Reached skill level 5 in Shapeshifting
  6754 | D:6      | Reached skill level 6 in Shapeshifting
  6805 | D:6      | Reached skill level 7 in Shapeshifting
  6817 | D:6      | Reached XP level 8. HP: 30/42 MP: 9/9
  6837 | D:6      | Reached skill level 8 in Shapeshifting
  6896 | D:6      | Found a staircase to the Ecumenical Temple.
  6906 | D:6      | Reached skill level 9 in Shapeshifting
  6928 | Temple   | Entered the Ecumenical Temple
  6933 | D:6      | Found a hide-covered altar of Uskayaw.
  7294 | D:6      | Reached skill level 10 in Shapeshifting
  7474 | Temple   | Became a worshipper of the Wu Jian Council
  7529 | D:7      | Reached skill level 5 in Fighting
  7719 | D:7      | Reached XP level 9. HP: 47/47 MP: 10/10
  7816 | D:6      | HP: 2/48 [poisoned by a killer bee]
  8328 | D:7      | Reached * piety under Wu Jian
  8977 | D:8      | Reached skill level 5 in Dodging
  9525 | D:8      | Paralysed by a hornet for 2 turns
 10267 | D:7      | Reached XP level 10. HP: 48/53 MP: 11/11
 10446 | D:7      | Reached skill level 10 in Stealth
 10716 | D:8      | Reached skill level 11 in Shapeshifting
 10762 | D:8      | Reached ** piety under Wu Jian
 10890 | D:8      | Found Ocokhlergh's Book Shoppe.
 11193 | D:9      | Found Ciwublem's Magic Scroll Emporium.
 11194 | D:9      | Noticed Psyche
 11200 | D:9      | Killed Psyche
 11201 | D:9      | Reached skill level 12 in Shapeshifting
 11600 | D:9      | Found a glowing golden altar of the Shining One.
 11895 | D:10     | Entered Level 10 of the Dungeon
 11948 | D:10     | Reached skill level 13 in Shapeshifting
 12009 | D:10     | Noticed a fire crab
 12015 | D:10     | Noticed an orange demon
 12135 | D:10     | Found a staircase to the Lair.
 12240 | D:10     | Noticed a sixfirhy
 12240 | D:10     | Noticed a rust devil
 12241 | D:10     | Slain by a sixfirhy

Illustrated notes

Levels and vault maps discovered:
D:1:      dpeg_arrival_round_b, layout_basic
D:2:      layout_basic
D:3:      layout_rooms, general_overflow_altar, overflow_temple_1_default,
          slow_altar_2, gammafunk_ghost_smash
D:4:      layout_basic, mainiacjoe_overflow_paths, nicolae_ossuary_entry_plus,
          serial_shops, nicolae_shop_drivethru, nicolae_zig_zag_zippers
D:5:      layout_layer_cave, serial_shops, shop
D:6:      layout_basic, mainiacjoe_overflow_tiny_flanked,
          minmay_temple_entry_statues_pillars, minmay_pentangle
D:7:      layout_cave_pods, hangedman_decor_push
D:8:      layout_basic, serial_shops, nicolae_shop_rolling_square
D:9:      layout_small_grid, mainiacjoe_overflow_brackets, serial_shops, shop,
          uniq_psyche
D:10:     layout_small_grid, minmay_lair_entry_lava, nicolae_the_louvre
Temple:   nicolae_temple_x_marks_the_god

Skill      XL: |  1  2  3  4  5  6  7  8  9 10 |
---------------+-------------------------------+-----
Fighting       | 3 4 5 6 |  6.1
Short Blades   | 5 6 8 |  8.0
Shapeshifting  | 3 7 10 13 | 13.0
Shields        | 1 |  1.0
Dodging        | 8 |  8.0
Stealth        | 9 10 | 10.0

Action                     |  1- 3 |  4- 6 |  7- 9 | 10-12 || total
---------------------------+-------+-------+-------+-------++-------
  Melee: Short sword       |    50 |   401 |       |       ||   451
         Punch             |       |     8 |       |       ||     8
         Dagger            |       |    92 |   408 |   188 ||   688
         Maw               |       |    13 |   142 |    86 ||   241
Ability: Whirlwind         |       |       |    14 |    27 ||    41
         Lunge             |       |       |     8 |    12 ||    20
    Use: Scroll            |       |     8 |     1 |     7 ||    16
         Potion            |       |       |     2 |     1 ||     3
   Stab: Sleeping          |     3 |    30 |    13 |     4 ||    50
         Distracted        |       |     2 |     1 |       ||     3
 Armour: Robe              |    18 |   108 |       |       ||   126
         Skin              |       |     7 |   104 |    36 ||   147
  Dodge: Dodged            |    38 |   240 |   251 |    94 ||   623
  Block: Buckler           |       |    11 |    59 |    21 ||    91
         Form:             |       |     1 |       |       ||     1
         Beast             |       |     1 |       |       ||     1
         Maw               |       |     1 |       |       ||     1

Table legend: (Time is in decaauts)
 A = Elapsed time spent in this place.
 B = Non-inter-level travel time spent in this place.
 C = Inter-level travel time spent in this place.
 D = Time resting spent in this place.
 E = Time spent auto-exploring this place.
 F = Levels seen in this place.
 G = Mean time per level.
                   A        B        C        D        E       F      G
               +--------+--------+--------+--------+--------+-----+--------+
         Total |   8772 |   8446 |    326 |   2428 |   3616 |  12 |  731.0 |
       Dungeon |   7545 |   7226 |    319 |   1771 |   3606 |  10 |  754.5 |
        Temple |     11 |      4 |      7 |      0 |      0 |   1 |   11.0 |
       Ossuary |   1215 |   1215 |      0 |    657 |     10 |   1 | 1215.0 |
               +--------+--------+--------+--------+--------+-----+--------+

Top non-repeatable levels by time:
     D:7: 1846 daAuts
 Ossuary: 1215 daAuts
     D:6: 982 daAuts
     D:8: 847 daAuts
     D:5: 828 daAuts
     D:1: 732 daAuts
     D:2: 689 daAuts
     D:4: 564 daAuts
     D:9: 494 daAuts
     D:3: 368 daAuts
    D:10: 191 daAuts
  Temple: 11 daAuts
